 Dungeon Crawl Stone Soup version 0.32-a0-12-g7fc57aa741 (webtiles) character file.

Game seed: 2601798923187738122

242 voltaire321 the Magician (level 5, -7/30 HPs)
             Began as a Deep Elf Earth Elementalist on Jan 15, 2024.
             Mangled by an iguana (11 damage)
             ... on level 4 of the Dungeon.
             The game lasted 00:09:24 (2618 turns).

voltaire321 the Magician (DEEE)                     Turns: 2618, Time: 00:09:24

Health: -7/30      AC:  6    Str:  7    XL:     5   Next: 82%
Magic:  3/13       EV: 12    Int: 20    God:
Gold:   203        SH:  0    Dex: 15    Spells: 5/12 levels left

rFire   . . .        f - +0 dagger
rCold   . . .        (no shield)
rNeg    . . .        r - +3 leather armour
rPois   .            (no helmet)
rElec   .            (no cloak)
rCorr   .            (no gloves)
SInv    .            (no boots)
Will    .....        (no amulet)
Stlth   ++           (no ring)
HPRegen 0.25/turn    (no ring)
MPRegen 0.13/turn

%: no passive effects
@: no status effects
A: no striking features
a: no special abilities


You were on level 4 of the Dungeon.
You visited 1 branch of the dungeon, and saw 4 of its levels.

You collected 203 gold pieces.

Inventory:

Hand Weapons
 f - a +0 dagger (weapon)
Missiles
 d - 3 throwing nets
Armour
 r - a +3 leather armour (worn)
Scrolls
 a - a scroll of immolation {unknown}
 c - 3 scrolls of teleportation {unknown}
 g - 7 scrolls of identify {unknown}
 h - a scroll of vulnerability {unknown}
 o - 2 scrolls of enchant weapon {unknown}
 p - a scroll of fear {unknown}
 s - a scroll of revelation {unknown}
 u - a scroll of fog {unknown}
Potions
 e - 2 potions of degeneration {unknown}
 i - a potion of lignification {unknown}
 j - 3 potions of might {unknown}
 k - a potion of ambrosia {unknown}
 l - 3 potions of haste {unknown}
 m - 2 potions of curing
 n - a potion of mutation {unknown}
 q - 2 potions of enlightenment
 t - a potion of heal wounds {unknown}


   Skills:
 + Level 1.7 Fighting
 + Level 3.7 Dodging
 + Level 3.9 Stealth
 + Level 4.3 Spellcasting
 + Level 2.7 Conjurations
 + Level 4.1 Earth Magic


You had 5 spell levels left.
You knew the following spells:

 Your Spells              Type           Power      Damage    Failure   Level
a - Sandblast             Erth           40%        2d10      3%          1
b - Passwall              Erth           20%        N/A       11%         3
c - Stone Arrow           Conj/Erth      34%        3d9       14%         3

Your spell library contained the following spells:

 Spells                   Type           Power      Damage    Failure   Level
 Sting                    Conj/Alch      36%        1d5       11%         1
 Apportation              Tloc           8%         N/A       19%         1
 Necrotise                Necr           16%        1d4       19%         1
 Summon Small Mammal      Summ           16%        N/A       19%         1
 Brom's Barrelling Bould  Conj/Erth      17%        2d4       43%         4
 Petrify                  Alch/Erth      12%        N/A       63%         4


Dungeon Overview and Level Annotations

Branches:
Dungeon (3/15)

Altars:
Dithmenos

Shops:
D:2 =


Message History

A ball python comes into view.
The orc closely misses you.
The orc hits you from afar with a +0 trident.
The orc barely misses you.
Aiming: Sandblast (safe; 3% risk of failure)
Press: ? - help, Q - select action, (/) - cycle Shift-Dir - straight line, f/p - orc
Aim: an orc, wielding a +0 trident and wearing a +0 ring mail (lightly wounded, 85% to hit)
The blast of sand hits the orc but does no damage.
The orc is lightly wounded.
The iguana barely misses you.
The orc hits you from afar with a +0 trident.
The iguana closely misses you. The orc misses you.
The orc attacks as it pursues you!
The orc hits you from afar with a +0 trident.
The iguana bites you!
* * * LOW HITPOINT WARNING * * *
A bombardier beetle comes into view.
The bombardier beetle bites you but does no damage.
The ball python attacks as it pursues you!
The ball python closely misses you. The ball python barely misses you.
The orc attacks as it pursues you! The orc closely misses you.
The ball python bites you.
* * * LOW HITPOINT WARNING * * *
The ball python barely misses you. The ball python barely misses you. x2
The iguana hisses menacingly.
The orc priest looks braver for a moment.
Aiming: Sandblast (safe; 3% risk of failure)
Press: ? - help, Q - select action, (/) - cycle Shift-Dir - straight line, f/p - orc
Aim: an orc, wielding a +0 trident and wearing a +0 ring mail (85% to hit)
The blast of sand hits the ball python!
You kill the ball python!
The orc misses you.
Aiming: Sandblast (safe; 3% risk of failure)
Press: ? - help, Q - select action, (/) - cycle Shift-Dir - straight line, f/p - orc
Aim: an orc, wielding a +0 trident and wearing a +0 ring mail (85% to hit)
The blast of sand hits the orc.
The orc is heavily wounded.
The iguana bites you!
You die...

.....#§§§#....
...$..#§#§.###
......o......#
###########..# #..#
######..###
.......)o.#
.$...$..#..##
......!.##.@##
........###l.#######
............oB......
....................
...................#
...........#...###.#
##.##...###.# #
....#...# ...
.##.....# .#...


You could see a bombardier beetle, an iguana, an orc priest and an orc.

Vanquished Creatures
  A scorpion (D:4)
  A howler monkey (D:4)
  A sleepcap (D:4)
  5 adders
  3 ribbon worms
  2 dart slugs (D:1)
  2 orcs (D:4)
  5 bats
  5 endoplasms
  4 giant cockroaches
  5 goblins
  3 hobgoblins
  2 jackals (D:3)
  5 kobolds
  7 quokkas
  5 ball pythons
  2 frilled lizards
  5 rats
63 creatures vanquished.

Notes
Turn   | Place    | Note
-------+----------+-------------------------------------------
     0 | D:1      | voltaire321 the Deep Elf Earth Elementalist began the quest
                  | for the Orb.
     0 | D:1      | Reached XP level 1. HP: 10/10 MP: 6/6
   314 | D:1      | Reached XP level 2. HP: 14/16 MP: 4/8
  1197 | D:2      | Reached XP level 3. HP: 14/20 MP: 1/9
  1461 | D:2      | Reached skill level 1 in Fighting
  1733 | D:2      | Reached XP level 4. HP: 25/25 MP: 9/11
  2027 | D:2      | Found Tadiodim's Jewellery Shop.
  2331 | D:3      | Learned a level 3 spell: Passwall
  2387 | D:3      | Learned a level 3 spell: Stone Arrow
  2542 | D:3      | You fall into a shaft and drop 1 floor!
  2544 | D:4      | Found a shadowy altar of Dithmenos.
  2562 | D:4      | Reached XP level 5. HP: 26/29 MP: 3/13
  2618 | D:4      | Mangled by an iguana

Illustrated notes

Levels and vault maps discovered:
D:1:      dpeg_arrival_leaves_temple_mockup, layout_loops_corners
D:2:      layout_loops_ring, serial_shops, shop,
          corexii_item_surrounded_by_moat, minmay_pentomino_z4
D:3:      layout_rooms, slow_altar_2, serial_glass, glass_columns_a,
          glass_columns_a, minmay_strange_pillars, due_unseen_surprise,
          minmay_strange_pillars, minivault_14, hellmonk_guarded_unrand_hermit
D:4:      layout_basic, grunt_dithmenos_smoke_and_mirrors,
          nicolae_concentric_dashed_squares_mild, roderic_batcave

Skill      XL: |  1  2  3  4  5 |
---------------+----------------+-----
Stealth        | 3 |  3.9
Dodging        | 3 |  3.7
Fighting       | 1 |  1.7
Conjurations   | 2 |  2.7
Spellcasting   | 4 |  4.3
Earth Magic    | 4 |  4.1

Action                     |  1- 3 |  4- 6 || total
---------------------------+-------+-------++-------
  Melee: Dagger            |     1 |     5 ||     6
   Cast: Sandblast         |    52 |    66 ||   118
         Passwall          |       |     2 ||     2
    Use: Potion            |       |     3 ||     3
 Armour: Robe              |    12 |     4 ||    16
         Leather armour    |       |    24 ||    24
  Dodge: Dodged            |     9 |    39 ||    48

Table legend: (Time is in decaauts)
 A = Elapsed time spent in this place.
 B = Non-inter-level travel time spent in this place.
 C = Inter-level travel time spent in this place.
 D = Time resting spent in this place.
 E = Time spent auto-exploring this place.
 F = Levels seen in this place.
 G = Mean time per level.
                   A        B        C        D        E       F      G
               +--------+--------+--------+--------+--------+-----+--------+
         Total |   2675 |   2600 |     75 |    240 |   1755 |   4 |  668.8 |
       Dungeon |   2675 |   2600 |     75 |    240 |   1755 |   4 |  668.8 |
               +--------+--------+--------+--------+--------+-----+--------+

Top non-repeatable levels by time:
     D:1: 1201 daAuts
     D:2: 963 daAuts
     D:3: 420 daAuts
     D:4: 90 daAuts
